 Dungeon Crawl Stone Soup version 0.13-a0-1553-g7307ddf (webtiles) character file.

173 Fosius the Chopper (level 3, 30/30 HPs)
             Began as a Minotaur Gladiator on June 10, 2013.
             Quit the game on Level 3 of the Dungeon.
             The game lasted 00:03:00 (1490 turns).

Fosius the Chopper (Minotaur Gladiator)             Turns: 1490, Time: 00:03:00

HP  30/30        AC 10     Str 19      XL: 3   Next: 89%
MP   1/1         EV  4     Int  6      God:
Gold 110         SH  0     Dex 10      Spells:  0 memorised,  2 levels left

Res.Fire  : . . .   See Invis. : .   a - +0 hand axe {=f}
Res.Cold  : . . .   Warding    : .   i - +0 plate armour
Life Prot.: . . .   Conserve   : .   (no shield)
Res.Poison: .       Res.Corr.  : .   c - +0 cap
Res.Elec. : .       Clarity    : .   (no cloak)
Sust.Abil.: . .     Spirit.Shd : .   (no gloves)
Res.Mut.  : .       Stasis     : .   (no boots)
Res.Rott. : .       Flight     : .   (no amulet)
Saprovore : . . .                    (no ring)
                                     (no ring)

@: not resistant to hostile enchantments, extremely unstealthy
A: retaliatory headbutt, horns 2
a: no special abilities


You were on level 3 of the Dungeon.
You were full.

You visited 1 branch of the dungeon, and saw 3 of its levels.

You collected 90 gold pieces.

Inventory:

Hand weapons
 a - a +0,+0 hand axe (weapon) {=f}
Missiles
 d - 3 throwing nets (quivered)
 j - 20 stones
Armour
 b - a +0 leather armour
 c - a +0 cap (worn)
 i - a +0 plate armour (worn)
Comestibles
 f - 2 bread rations
 o - a meat ration
 t - 2 apples
Scrolls
 e - a scroll of enchant weapon I {unknown}
 g - 4 scrolls of curse weapon {unknown}
 k - a scroll of blinking {unknown}
 l - 3 scrolls of identify {unknown}
 p - 2 scrolls of remove curse {unknown}
 s - a scroll of curse armour {unknown}
 w - a scroll of noise {unknown}
 x - a scroll of random uselessness {unknown}
Jewellery
 r - an uncursed ring of protection from cold {unknown}
 y - a cursed ring of hunger {unknown}
Potions
 h - a potion of might {unknown}
 m - 3 potions of curing {unknown}
 n - a potion of brilliance {unknown}
 q - a potion of speed {unknown}
 v - a potion of poison {unknown}
Books
 u - a book of Transfigurations

   Spells                             Type                      Level
   Stoneskin                          Transmutation/Earth          2
   Polymorph                          Hexes/Transmutation          4
   Ice Form                           Ice/Transmutation            4
   Statue Form                        Transmutation/Earth          6
   Dragon Form                        Fire/Transmutation           7


   Skills:
 - Level 2.4 Fighting
 + Level 5.7 Axes
 - Level 2.0 Throwing
 - Level 3.4 Dodging


You had 2 spell levels left.
You didn't know any spells.

Dungeon Overview and Level Annotations

Branches:
Dungeon (3/27)

Altars:


Innate Abilities, Weirdness & Mutations

You reflexively headbutt those who attack you in melee.
You have a pair of horns on your head.


Message History

You hit the bat.
You kill the bat!
No target in view!
Found a ring mail.
No target in view!
A goblin comes into view.
The goblin shouts!
You hit the goblin.
You kill the goblin!
You now have 110 gold pieces (gained 11).
Found a stone staircase leading down.
Found 19 bolts.
y - a peridot ring Eat which item? (? for menu, Esc to quit)
Okay, then.
Quiver which item? (- for none, * to show all) (? for menu, Esc to quit)
Okay, then.
Quiver which item? (- for none, * to show all) (? for menu, Esc to quit)
Okay, then.
Are you sure you want to abandon this character and quit the game? (Confirm with "yes".)

..... ......#.#
(......#. ........#
........ .........#
.......# ........##
......### #.#.......
#......# #.#..%....
#......# #.#.......
#....>.###.#.......
#.@................
#......###.#.......
#......# #.#.....[.
.....................
..............#.###.#.
......#.#######.# #...
......#.# #.# #...
........ ..###...
..... ..........


There were no monsters in sight!

Vanquished Creatures
  Ijyb (D:3)
  2 adders (D:2)
  A giant gecko (D:1)
  3 bats
  A giant cockroach (D:2)
  3 hobgoblins
  3 jackals (D:2)
  A ball python (D:1)
  2 giant newts
  6 goblins
  5 kobolds
  A rat (D:1)
29 creatures vanquished.

Vanquished Creatures (others)
  A ball python (D:1)
  A rat (D:1)
  5 toadstools (D:1)
7 creatures vanquished.

Grand Total: 36 creatures vanquished

Notes
Turn   | Place    | Note
--------------------------------------------------------------
     0 | D:1      | Fosius, the Minotaur Gladiator, began the quest for the Orb.
     0 | D:1      | Reached XP level 1. HP: 18/18 MP: 0/0
   367 | D:1      | Reached skill level 4 in Axes
   375 | D:1      | Reached XP level 2. HP: 22/25 MP: 0/0
   903 | D:2      | Reached XP level 3. HP: 30/30 MP: 1/1
   994 | D:2      | Reached skill level 5 in Axes
  1374 | D:3      | Noticed Ijyb
  1397 | D:3      | Killed Ijyb
  1490 | D:3      | Quit the game

Action                   || total
-------------------------++-------
Melee: Hand axe          ||    79
